BR (22 & UNDER)
SAN FRANCISCO MACHO MEN @ ELKINS STING RAYS
09/05/2028
 
TOP OF THE 1ST
San Francisco Macho Men batting - Pitching for Elkins Sting Rays : RHP Howard Everett
Pitching: RHP Howard Everett
Batting: RHB Júlio Serra 0-0: SINGLE (Line Drive, 6D)
Batting: LHB Phil Bishop 0-0: Ball
1-0: Foul Ball, location: 2F
1-1: Ball
2-1: Swinging Strike
2-2: Ground out U3 (Groundball, 3)
Júlio Serra to second
Batting: LHB Ernesto Hernández 0-0: Called Strike
0-1: Swinging Strike
0-2: Ball
1-2: Ball
2-2: Ball
3-2: Strikes out swinging
Batting: RHB Miguel Ramos 0-0: Ball
1-0: Called Strike
1-1: Called Strike
1-2: Ground out 6-3 (Groundball, 56)
Top of the 1st over - 0 run(s), 1 hit(s), 0 error(s), 1 left on base; San Francisco 0 - Elkins 0
BOTTOM OF THE 1ST
Elkins Sting Rays batting - Pitching for San Francisco Macho Men : RHP Allen Cronk
Pitching: RHP Allen Cronk
Batting: SHB Carlos González 0-0: Ball
1-0: Foul Ball, location: 2F
1-1: Ball
2-1: DOUBLE (Flyball, 9LD)
Batting: LHB Freddy Torres 0-0: Ball
1-0: Ball
2-0: Ball
3-0: Called Strike
3-1: Swinging Strike
3-2: 2-RUN HOME RUN (Flyball, 89XD), Distance : 427 ft
Batting: RHB Ryan Nelson 0-0: Ball
1-0: Fly out, F8 (Flyball, 8RXD)
Batting: RHB Bill Andrews 0-0: Ball
1-0: Swinging Strike
1-1: Ball
2-1: Ball
3-1: Called Strike
3-2: Foul Ball, location: 2F
3-2: Strikes out looking
Batting: LHB Ángel Flores 0-0: Ball
1-0: Hit by Pitch
Batting: SHB Ron Winston 0-0: Ball
1-0: Fly out, F8 (Flyball, 8LM)
Bottom of the 1st over - 2 run(s), 2 hit(s), 0 error(s), 1 left on base; San Francisco 0 - Elkins 2
TOP OF THE 2ND
San Francisco Macho Men batting - Pitching for Elkins Sting Rays : RHP Howard Everett
Batting: LHB Ángel De Jesús 0-0: Called Strike
0-1: Foul Ball, location: 2F
0-2: Ball
1-2: Ball
2-2: Fly out, F6 (Line Drive, 6)
Batting: RHB Phil Rowlett 0-0: Ball
1-0: Foul Ball, location: 2F
1-1: Ball
2-1: Foul Ball, location: 2F
2-2: DOUBLE (Flyball, 7D)
Batting: RHB Awragh Hazem 0-0: DOUBLE (Groundball, 5L)
Phil Rowlett scores
Batting: RHB Bob Jones 0-0: Swinging Strike
0-1: Single, Error in OF, E8, batter to second base
Awragh Hazem scores
Batting: RHB Lawrence Pérez 0-0: Called Strike
0-1: Fly out, F2 (Popup, 5S)
Batting: RHB Júlio Serra 0-0: SINGLE (Groundball, 4MD)
Bob Jones to third
Runner from 3rd tries for Home, SAFE, throw made home
Júlio Serra to second
Batting: LHB Phil Bishop 0-0: DOUBLE (Line Drive, 89M)
Júlio Serra scores
Batting: LHB Ernesto Hernández 0-0: Ball
1-0: 2-RUN HOME RUN (Flyball, 9LD), Distance : 341 ft
Batting: RHB Miguel Ramos 0-0: Called Strike
0-1: Swinging Strike
0-2: Ball
1-2: Ball
2-2: Ground out 6-3 (Groundball, 56)
Top of the 2nd over - 6 run(s), 6 hit(s), 1 error(s), 0 left on base; San Francisco 6 - Elkins 2
BOTTOM OF THE 2ND
Elkins Sting Rays batting - Pitching for San Francisco Macho Men : RHP Allen Cronk
Batting: RHB Armando Blanco 0-0: Ball
1-0: Foul Ball, location: 2F
1-1: Foul Ball, location: 2F
1-2: Foul Ball, location: 2F
1-2: Ball
2-2: Ball
3-2: Fly out, F9 (Flyball, 9)
Batting: RHB Carson Allen 0-0: Ball
1-0: Ball
2-0: Foul Ball, location: 2F
2-1: Ball
3-1: Base on Balls
Batting: RHB Pedro Betancourt 0-0: Foul Ball, location: 2F
0-1: Swinging Strike
0-2: Ball
1-2: Ball
2-2: Ball
3-2: Strikes out swinging
Batting: SHB Carlos González 0-0: Foul Ball, location: 2F
0-1: Foul Ball, location: 2F
0-2: Ball
1-2: Foul Ball, location: 2F
1-2: Ball
2-2: Ground out 4-3 (Groundball, 4M)
Bottom of the 2nd over - 0 run(s), 0 hit(s), 0 error(s), 1 left on base; San Francisco 6 - Elkins 2
TOP OF THE 3RD
San Francisco Macho Men batting - Pitching for Elkins Sting Rays : RHP Howard Everett
Batting: LHB Ángel De Jesús 0-0: Called Strike
0-1: Called Strike
0-2: Ball
1-2: Foul Ball, location: 2F
1-2: Ball
2-2: Strikes out swinging
Batting: RHB Phil Rowlett 0-0: Called Strike
0-1: Ball
1-1: Ball
2-1: Ball
3-1: Swinging Strike
3-2: Ground out 5-3 (Groundball, 56)
Batting: RHB Awragh Hazem 0-0: Ball
1-0: Called Strike
1-1: Ball
2-1: Called Strike
2-2: Strikes out swinging
Top of the 3rd over - 0 run(s), 0 hit(s), 0 error(s), 0 left on base; San Francisco 6 - Elkins 2
BOTTOM OF THE 3RD
Elkins Sting Rays batting - Pitching for San Francisco Macho Men : RHP Allen Cronk
Batting: LHB Freddy Torres 0-0: Ground out 3-1 (Groundball, 34)
Batting: RHB Ryan Nelson 0-0: SINGLE (Groundball, 34S) (infield hit)
Batting: RHB Bill Andrews 0-0: Ball
1-0: Fly out, F7 (Line Drive, 78M)
Batting: LHB Ángel Flores 0-0: Foul Ball, location: 2F
0-1: Foul Ball, location: 2F
0-2: Ball
1-2: Strikes out swinging
Bottom of the 3rd over - 0 run(s), 1 hit(s), 0 error(s), 1 left on base; San Francisco 6 - Elkins 2
TOP OF THE 4TH
San Francisco Macho Men batting - Pitching for Elkins Sting Rays : RHP Howard Everett
Batting: RHB Bob Jones 0-0: Foul Ball, location: 2F
0-1: Ball
1-1: Ground out 5-3 (Groundball, 56S)
Batting: RHB Lawrence Pérez 0-0: SINGLE (Flyball, 4MD)
Batting: RHB Júlio Serra 0-0: Swinging Strike
0-1: Swinging Strike
0-2: Ball
1-2: SINGLE (Groundball, 56D)
Lawrence Pérez to second
Batting: LHB Phil Bishop 0-0: Called Strike
0-1: Grounds into double play, 5-4-3 (Groundball, 56)
Top of the 4th over - 0 run(s), 2 hit(s), 0 error(s), 1 left on base; San Francisco 6 - Elkins 2
BOTTOM OF THE 4TH
Elkins Sting Rays batting - Pitching for San Francisco Macho Men : RHP Allen Cronk
Batting: SHB Ron Winston 0-0: Ball
1-0: Ball
2-0: Ball
3-0: Foul Ball, location: 2F
3-1: Base on Balls
Batting: RHB Armando Blanco 0-0: Ground out 5-3 (Groundball, 56S)
Ron Winston to second
Batting: RHB Carson Allen 0-0: SINGLE (Groundball, 56D)
Ron Winston to third
Batting: RHB Pedro Betancourt 0-0: Ball
1-0: Ground out 3-1 (Groundball, 34S)
Ron Winston scores
Carson Allen to second
Batting: SHB Carlos González 0-0: Foul Ball, location: 2F
0-1: Swinging Strike
0-2: Ball
1-2: Strikes out swinging
Bottom of the 4th over - 1 run(s), 1 hit(s), 0 error(s), 1 left on base; San Francisco 6 - Elkins 3
TOP OF THE 5TH
San Francisco Macho Men batting - Pitching for Elkins Sting Rays : RHP Howard Everett
Batting: LHB Ernesto Hernández 0-0: Ground out 6-3 (Groundball, 6)
Batting: RHB Miguel Ramos 0-0: Swinging Strike
0-1: Ball
1-1: Fly out, F8 (Flyball, 8LD)
Batting: LHB Ángel De Jesús 0-0: Fly out, F4 (Popup, 4D)
Top of the 5th over - 0 run(s), 0 hit(s), 0 error(s), 0 left on base; San Francisco 6 - Elkins 3
BOTTOM OF THE 5TH
Elkins Sting Rays batting - Pitching for San Francisco Macho Men : RHP Allen Cronk
Batting: LHB Freddy Torres 0-0: Ball
1-0: Foul Ball, location: 2F
1-1: Swinging Strike
1-2: Ball
2-2: DOUBLE (Flyball, 7LM)
Batting: RHB Ryan Nelson 0-0: Swinging Strike
0-1: Ball
1-1: Foul Ball, location: 2F
1-2: Fly out, F9 (Flyball, 9LS)
Batting: RHB Bill Andrews 0-0: Called Strike
0-1: Swinging Strike
0-2: Ball
1-2: Strikes out swinging
Pitching: RHP Rick Díaz
Batting: LHB Ángel Flores 0-0: Ball
1-0: Foul Ball, location: 2F
1-1: Foul Ball, location: 2F
1-2: Strikes out swinging
Bottom of the 5th over - 0 run(s), 1 hit(s), 0 error(s), 1 left on base; San Francisco 6 - Elkins 3
TOP OF THE 6TH
San Francisco Macho Men batting - Pitching for Elkins Sting Rays : RHP Howard Everett
Batting: RHB Phil Rowlett 0-0: Called Strike
0-1: Foul Ball, location: 2F
0-2: Ball
1-2: Ball
2-2: Foul Ball, location: 2F
2-2: SINGLE (Groundball, 6D)
Batting: RHB Awragh Hazem 0-0: SINGLE (Line Drive, 6MD)
Phil Rowlett to second
Batting: RHB Bob Jones 0-0: Called Strike
0-1: SINGLE (Flyball, 8RS)
Phil Rowlett to third
Awragh Hazem to second
Batting: RHB Lawrence Pérez 0-0: Called Strike
0-1: Foul Ball, location: 2F
0-2: Ball
1-2: Strikes out swinging
Batting: RHB Júlio Serra 0-0: DOUBLE (Line Drive, 7LM)
Phil Rowlett scores
Awragh Hazem scores
Bob Jones to third
Batting: LHB Phil Bishop 0-0: Ball
1-0: Ground out 6-3 (Groundball, 6MD)
Bob Jones scores
Júlio Serra to third
Batting: LHB Ernesto Hernández 0-0: Ball
1-0: Ball
2-0: Foul Ball, location: 2F
2-1: SINGLE (Groundball, 34D)
Júlio Serra scores
Batting: RHB Miguel Ramos 0-0: Ball
1-0: Called Strike
Ernesto Hernández steals 2nd base
1-1: DOUBLE (Line Drive, 78D)
Ernesto Hernández scores
Batting: LHB Ángel De Jesús 0-0: Ball
1-0: Ball
2-0: Called Strike
2-1: Swinging Strike
2-2: Strikes out looking
Top of the 6th over - 5 run(s), 6 hit(s), 0 error(s), 1 left on base; San Francisco 11 - Elkins 3
BOTTOM OF THE 6TH
Elkins Sting Rays batting - Pitching for San Francisco Macho Men : RHP Rick Díaz
Batting: SHB Ron Winston 0-0: Called Strike
0-1: Ball
1-1: Ball
2-1: Ground out 4-3 (Groundball, 4)
Batting: RHB Armando Blanco 0-0: Called Strike
0-1: Ball
1-1: Ball
2-1: Foul Ball, location: 2F
2-2: Strikes out swinging
Batting: RHB Carson Allen 0-0: Swinging Strike
0-1: Ball
1-1: Called Strike
1-2: Ground out 4-3 (Groundball, 4M)
Bottom of the 6th over - 0 run(s), 0 hit(s), 0 error(s), 0 left on base; San Francisco 11 - Elkins 3
TOP OF THE 7TH
San Francisco Macho Men batting - Pitching for Elkins Sting Rays : RHP Howard Everett
Batting: RHB Phil Rowlett 0-0: Called Strike
0-1: Fly out, F8 (Flyball, 8RXD)
Batting: RHB Awragh Hazem 0-0: Ball
1-0: Foul Ball, location: 2F
1-1: DOUBLE (Groundball, 5L)
Batting: RHB Bob Jones 0-0: SINGLE (Line Drive, 9LS)
Awragh Hazem to third
Batting: RHB Lawrence Pérez 0-0: Called Strike
0-1: Swinging Strike
0-2: Strikes out swinging
Batting: RHB Júlio Serra 0-0: SINGLE (Groundball, 56D)
Awragh Hazem scores
Bob Jones to second
Batting: LHB Phil Bishop 0-0: Called Strike
0-1: Foul Ball, location: 2F
0-2: Foul Ball, location: 2F
0-2: Strikes out looking
Top of the 7th over - 1 run(s), 3 hit(s), 0 error(s), 2 left on base; San Francisco 12 - Elkins 3
BOTTOM OF THE 7TH
Elkins Sting Rays batting - Pitching for San Francisco Macho Men : RHP Rick Díaz
Batting: RHB Pedro Betancourt 0-0: Foul Ball, location: 2F
0-1: SINGLE (Groundball, 56D)
Batting: SHB Carlos González 0-0: Ball
1-0: Foul Ball, location: 2F
1-1: Foul Ball, location: 2F
1-2: Fly out, F8 (Flyball, 78M)
Batting: LHB Freddy Torres 0-0: Called Strike
0-1: Ball
1-1: Called Strike
1-2: Foul Ball, location: 2F
1-2: Foul Ball, location: 2F
1-2: Ball
2-2: Ball
3-2: Strikes out swinging
Pedro Betancourt is caught stealing 2nd base
Batter strikes out.
Bottom of the 7th over - 0 run(s), 1 hit(s), 0 error(s), 0 left on base; San Francisco 12 - Elkins 3
TOP OF THE 8TH
San Francisco Macho Men batting - Pitching for Elkins Sting Rays : RHP Howard Everett
Batting: LHB Ernesto Hernández 0-0: Ball
1-0: Foul Ball, location: 2F
1-1: Foul Ball, location: 2F
1-2: Ball
2-2: Foul Ball, location: 2F
2-2: Foul Ball, location: 2F
2-2: Strikes out swinging
Batting: RHB Miguel Ramos 0-0: Ball
1-0: Ball
2-0: Ball
3-0: Called Strike
3-1: Foul Ball, location: 2F
3-2: Reached on error, E4 (Groundball, 4)
Pitching: LHP Peter Turner
Batting: LHB Ángel De Jesús 0-0: Called Strike
Miguel Ramos steals 2nd base
0-1: Foul Ball, location: 2F
0-2: Strikes out swinging
Batting: RHB Phil Rowlett 0-0: Called Strike
0-1: Swinging Strike
0-2: Ball
1-2: Ball
2-2: Strikes out swinging
Top of the 8th over - 0 run(s), 0 hit(s), 1 error(s), 1 left on base; San Francisco 12 - Elkins 3
BOTTOM OF THE 8TH
Elkins Sting Rays batting - Pitching for San Francisco Macho Men : RHP Rick Díaz
Batting: RHB Ryan Nelson 0-0: Called Strike
0-1: Ball
1-1: Ball
2-1: SOLO HOME RUN (Flyball, 78XD), Distance : 439 ft
Batting: RHB Bill Andrews 0-0: Ball
1-0: Called Strike
1-1: SOLO HOME RUN (Flyball, 78XD), Distance : 435 ft
Batting: LHB Ángel Flores 0-0: Ball
1-0: Ground out 4-3 (Groundball, 4)
Batting: SHB Ron Winston 0-0: Called Strike
0-1: SINGLE (Line Drive, 34D)
Batting: RHB Armando Blanco 0-0: Called Strike
0-1: Ball
1-1: Foul Ball, location: 2F
1-2: Ball
2-2: Ball
3-2: Grounds into double play, 5-4-3 (Groundball, 56)
Bottom of the 8th over - 2 run(s), 3 hit(s), 0 error(s), 0 left on base; San Francisco 12 - Elkins 5
TOP OF THE 9TH
San Francisco Macho Men batting - Pitching for Elkins Sting Rays : LHP Peter Turner
Batting: RHB Awragh Hazem 0-0: Called Strike
0-1: Foul Ball, location: 2F
0-2: Strikes out swinging, 2-3 out at first.
Batting: RHB Bob Jones 0-0: Called Strike
0-1: Ball
1-1: Ground out U3 (Groundball, 3)
Batting: RHB Lawrence Pérez 0-0: Ball
1-0: SINGLE (Line Drive, 8RS)
Batting: RHB Júlio Serra 0-0: Swinging Strike
0-1: Ball
1-1: Called Strike
1-2: Strikes out swinging
Top of the 9th over - 0 run(s), 1 hit(s), 0 error(s), 1 left on base; San Francisco 12 - Elkins 5
BOTTOM OF THE 9TH
Elkins Sting Rays batting - Pitching for San Francisco Macho Men : RHP Rick Díaz
Now at 3B: Armando Alomar
Batting: RHB Carson Allen 0-0: Ball
1-0: Foul Ball, location: 2F
1-1: Ball
2-1: Ball
3-1: SINGLE (Line Drive, 8LS)
Batting: RHB Pedro Betancourt 0-0: Ball
1-0: Fielders Choice at 2nd, 4-6 (Groundball, 4)
Batting: SHB Carlos González 0-0: Called Strike
0-1: Ball
1-1: Fly out, F2 (Popup, 56S)
Batting: LHB Freddy Torres 0-0: Ball
1-0: Ball
2-0: SINGLE (Groundball, 3D)
Pedro Betancourt to second
Runner from 2nd tries for 3rd, SAFE, throw made to third
Freddy Torres to second
Batting: RHB Ryan Nelson 0-0: Called Strike
0-1: Ball
1-1: Called Strike
1-2: Strikes out looking
Bottom of the 9th over - 0 run(s), 2 hit(s), 0 error(s), 2 left on base; San Francisco 12 - Elkins 5
Tuesday, August 8th, 2017 - OOTP Baseball 17.12 Build 75